 Dungeon Crawl Stone Soup version 0.19.1-1-g22dce08 (console) character file.

6202 Grinner the Swashbuckler (level 11, -2/56 HPs)
             Began as a Kobold Artificer on Jan 20, 2017.
             Was a Believer of Dithmenos.
             Slain by a wolf (8 damage)
             ... in an ice cave.
             The game lasted 00:41:12 (11070 turns).

Grinner the Swashbuckler (Kobold Artificer)        Turns: 11070, Time: 00:41:13

Health: -2/56      AC: 10    Str: 15    XL:     11   Next: 14%
Magic:  0/13       EV: 19    Int: 12    God:    Dithmenos [**....]
Gold:   428        SH:  8    Dex: 19    Spells: 0 memorised, 10 levels left

rFire  + . .     SeeInvis .     a - +2 dagger (freeze)
rCold  + . .     Gourm    .     v - +2 leather armour {rF+}
rNeg   . . .     Faith    .     y - +0 shield
rPois  .         Spirit   +     (helmet restricted)
rElec  .         Reflect  .     A - +0 cloak {MR+}
rCorr  .         Harm     .     (no gloves)
MR     +....                    (no boots)
Stlth  +++++++...               k - amulet of guardian spirit
                                i - ring of stealth
                                C - +4 ring of protection

@: mighty, flying, wreathed by umbra
A: horns 1, carnivore 3, cold resistance 1, wild magic 1
a: Shadow Step, Renounce Religion


You were in an ice cave.
You worshipped Dithmenos.
Dithmenos was pleased with you.
You were full.

You visited 3 branches of the dungeon, and saw 12 of its levels.
You also visited: Ice Cave.

You collected 428 gold pieces.

Inventory:

Hand Weapons
 a - a +2 dagger of freezing (weapon)
 b - a +0 rapier
Armour
 v - a +2 leather armour of fire resistance (worn)
 y - a +0 shield (worn)
 A - a +0 cloak of magic resistance (worn)
Rods
 r - a +2 rod of shadows (4/14)
   (You found it on level 4 of the Dungeon)
Jewellery
 e - an uncursed amulet of rage
 i - a ring of stealth (right hand)
 k - an amulet of guardian spirit (around neck)
 n - an uncursed amulet of harm
 o - an uncursed ring of flight
 C - a +4 ring of protection (left hand)
 E - a +2 ring of evasion
 K - an uncursed amulet of the gourmand
Wands
 d - a wand of enslavement (11/24)
 p - a wand of iceblast (5/15)
 u - a wand of acid (2/15)
Scrolls
 g - 3 scrolls of fog
 j - a scroll of enchant armour
 s - a scroll of blinking
 w - a scroll of vulnerability
 z - a scroll of enchant weapon
 B - 7 scrolls of remove curse
 D - a scroll of holy word
 F - a scroll of amnesia
 J - a scroll of random uselessness {unknown}
Potions
 h - a potion of cancellation
 t - a potion of cure mutation
 G - a potion of flight
Books
 c - a book of Minor Magic

   Spells                             Type                      Level
   a - Magic Dart                     Conjuration                  1
   b - Blink                          Translocation                2
   c - Call Imp                       Summoning                    2
   d - Repel Missiles                 Charms/Air                   2
   e - Slow                           Hexes                        2
   f - Conjure Flame                  Conjuration/Fire             3
   g - Mephitic Cloud                 Conjuration/Poison/Air       3
Comestibles
 f - 8 meat rations


   Skills:
 - Level 1.1 Fighting
 + Level 16.9 Short Blades
 * Level 9.1 Dodging
 * Level 10.3 Stealth
 - Level 3.6 Evocations


You had 10 spell levels left.
You didn't know any spells.

Dungeon Overview and Level Annotations

Branches:
Dungeon (10/15)            Temple (1/1) D:5            Lair (1/6) D:10
    Orc: D:9-12

Altars:
Ashenzari
Cheibriados
Dithmenos
Elyvilon
Fedhas
Gozag
Hepliaklqana
Kikubaaqudgha
Makhleb
Nemelex Xobeh
Okawaru
Qazlal
Ru
Sif Muna
Trog
Uskayaw
Vehumet
Xom
Yredelemnul
Zin
The Shining One


Innate Abilities, Weirdness & Mutations

You are small and have problems with some larger weapons.
You are carnivorous and can eat meat at any time.
You have a pair of small horns on your head.
Your flesh is cold resistant. (rC+)
Your spells are a little harder to cast, but a little more powerful.


Message History

Your unseen horror hits the yak but does no damage.
Your unseen horror hits the yak.
The yak dies!
Dithmenos accepts your kill.
There is an ice choked empty arch of ancient stone, spattered with blood here.
You see here a wolf corpse.
The wolf barely misses your unseen horror.
Your unseen horror misses the wolf.
There are monsters nearby!
Your unseen horror hits the wolf.
Your unseen horror hits the wolf but does no damage.
The wolf bites your unseen horror.
You are too injured to fight recklessly!
You hit the wolf. You freeze the wolf.
The wolf is moderately wounded.
Your unseen horror barely misses the wolf.
You closely miss the wolf.
Your unseen horror misses the wolf.
You block the wolf's attack. The wolf closely misses you.
You miss the wolf.
Your unseen horror misses the wolf.
The wolf bites you!
You die...

#### ######..## .
##..##@...## .h.
##..†.hh†...#
..h..#....x..∩.∩.#
#....##.......#
##..#####....##
### ##..## ####


You could see 2 wolves and a friendly unseen horror (invisible).

Vanquished Creatures
  A cyclops (D:10)
  A spiny frog (Lair:1)
  A troll (D:9)
  A polar bear (IceCv)
  A hornet (D:9)
  4 hippogriffs
  2 yaks
  A swamp drake (D:3)
  An orc warrior (D:10)
  A necrophage (D:8)
  2 ice beasts
  3 ogres
  A centaur (D:10)
  2 crocodiles (D:10)
  A big kobold (D:9)
  3 bullfrogs
  A gnoll sergeant (D:8)
  6 scorpions
  6 killer bees
  A howler monkey (D:9)
  5 crimson imps
  3 bullfrog zombies
  2 hounds
  3 bullfrog skeletons
  A quasit (D:8)
  Crazy Yiuf (D:7)
  3 orc priests
  A centaur skeleton (D:4)
  An iguana (D:5)
  9 orc wizards
  5 worker ants
  7 gnolls
  9 adders
  An ooze (D:1)
  An adder zombie (D:8)
  4 worms
  4 dart slugs
  9 leopard geckos
  19 orcs
  4 giant cockroaches
  10 goblins
  10 hobgoblins
  14 jackals
  5 quokkas
  2 ball pythons
  5 bats
  A frilled lizard (D:1)
  A giant cockroach zombie (D:6)
  17 kobolds
  A leopard gecko zombie (D:8)
  A quokka skeleton (D:4)
  5 rats
204 creatures vanquished.

Vanquished Creatures (collateral kills)
  2 hornets
  A two-headed ogre (D:10)
  The ghost of splatman the Stinger, an amateur DsVM (D:4)
  A yak (IceCv)
  Eustachio (D:6)
  3 ice beasts
  An orc warrior (D:4)
  2 wolves (IceCv)
  A gnoll sergeant (D:9)
  A bullfrog zombie (D:8)
  A gnoll shaman (D:6)
  10 gnolls
  2 orcs (D:4)
  A jackal (D:6)
  2 kobolds (D:9)
30 creatures vanquished.

Vanquished Creatures (others)
  3 fungi (Lair:1)
3 creatures vanquished.

Grand Total: 237 creatures vanquished

Notes
Turn   | Place    | Note
-------+----------+-------------------------------------------
     0 | D:1      | Grinner the Kobold Artificer began the quest for the Orb.
     0 | D:1      | Reached XP level 1. HP: 12/12 MP: 3/3
   181 | D:1      | Reached skill level 2 in Short Blades
   181 | D:1      | Reached XP level 2. HP: 8/16 MP: 4/4
   421 | D:1      | Reached XP level 3. HP: 15/20 MP: 5/5
  1246 | D:2      | Reached skill level 3 in Short Blades
  1246 | D:2      | Reached XP level 4. HP: 20/25 MP: 6/6
  2468 | D:2      | Reached XP level 5. HP: 27/29 MP: 7/7
  2528 | D:3      | Gained mutation: Your flesh is cold resistant. (rC+) [potion of mutation]
  2528 | D:3      | Gained mutation: You have a pair of small horns on your head. [potion of mutation]
  2528 | D:3      | Gained mutation: Your spells are a little harder to cast, but a little more powerful. [potion of mutation]
  2529 | D:3      | Reached skill level 15 in Short Blades
  2529 | D:3      | Reached XP level 6. HP: 21/34 MP: 8/8
  3464 | D:3      | Found a bloodstained altar of Trog.
  3464 | D:3      | Found a stormy altar of Qazlal.
  3635 | D:3      | Noticed a swamp drake
  3635 | D:3      | an orc wizard changed into a swamp drake
  3669 | D:3      | Killed a swamp drake
  3669 | D:3      | Reached XP level 7. HP: 15/38 MP: 4/9
  3986 | D:3      | Found a glowing golden altar of the Shining One.
  4247 | D:4      | Identified a +1 rod of shadows (12/12) (You found it on level 4 of the Dungeon)
  4692 | D:4      | Noticed splatman's ghost (amateur DsVM)
  4692 | D:4      | Reached XP level 8. HP: 37/43 MP: 8/10
  4707 | D:4      | Killed splatman's ghost
  4967 | D:4      | Reached skill level 5 in Dodging
  5551 | D:5      | Entered Level 5 of the Dungeon
  5561 | D:5      | Found a shadowy altar of Dithmenos.
  5703 | D:5      | Reached skill level 16 in Short Blades
  5836 | D:5      | Found a staircase to the Ecumenical Temple.
  5904 | Temple   | Entered the Ecumenical Temple
  6224 | Temple   | Became a worshipper of Dithmenos the Shadowed
  6486 | D:5      | Reached skill level 5 in Stealth
  6843 | D:6      | Noticed Eustachio
  6847 | D:6      | Reached XP level 9. HP: 12/47 MP: 8/11
  6855 | D:6      | Killed Eustachio
  7758 | D:7      | Noticed a hornet
  7771 | D:7      | Killed a hornet
  8519 | D:7      | Found a runed door.
  8523 | D:7      | Noticed Crazy Yiuf
  8527 | D:7      | Killed Crazy Yiuf
  8730 | D:7      | Reached * piety under Dithmenos
  9441 | D:8      | Noticed a hippogriff
  9446 | D:8      | Noticed a hornet
  9453 | D:8      | Killed a hippogriff
  9453 | D:8      | Reached XP level 10. HP: 27/52 MP: 7/12
 10041 | D:9      | Reached ** piety under Dithmenos
 10508 | D:10     | Entered Level 10 of the Dungeon
 10540 | D:10     | Noticed a cyclops
 10566 | D:10     | Killed a cyclops
 10615 | D:10     | Found a staircase to the Lair.
 10615 | D:10     | Noticed an elephant
 10872 | Lair:1   | Entered Level 1 of the Lair of Beasts
 10884 | Lair:1   | Noticed a spiny frog
 10887 | Lair:1   | Killed a spiny frog
 10912 | Lair:1   | Reached XP level 11. HP: 56/56 MP: 13/13
 10920 | Lair:1   | Reached skill level 10 in Stealth
 11014 | Lair:1   | Found a frozen archway.
 11025 | IceCv    | Entered an ice cave
 11070 | IceCv    | Slain by a wolf

Skill      XL: |  1  2  3  4  5  6  7  8  9 10 11 |
---------------+----------------------------------+-----
Short Blades   | 2 3 15 16 | 16.9
Stealth        | 2 3 4 5 7 9 10 | 10.3
Dodging        | 3 4 5 7 8 9 |  9.1
Fighting       | |  1.1
Evocations     | |  3.6

Action                   |  1- 3 |  4- 6 |  7- 9 | 10-12 || total
-------------------------+-------+-------+-------+-------++-------
Melee: Short sword       |    99 |   285 |   128 |       ||   512
       Headbutt          |       |    24 |    92 |    49 ||   165
       Dagger            |       |       |   281 |   128 ||   409
       Rapier            |       |       |    42 |    88 ||   130
Evoke: Wand              |     2 |    22 |     9 |     4 ||    37
       Rod               |       |       |    15 |    10 ||    25
  Use: Scroll            |       |     7 |     6 |     8 ||    21
       Potion            |       |     8 |     2 |     4 ||    14
 Stab: Sleeping          |     4 |     4 |    15 |     6 ||    29
       Distracted        |       |       |     1 |     4 ||     5
  Eat: Chunk             |     4 |     8 |    14 |    12 ||    38
       Pizza             |       |       |     2 |       ||     2
       Meat ration       |       |       |     1 |       ||     1
Armor: Leather armour    |    15 |    47 |    42 |    28 ||   132
       Skin              |       |   119 |       |       ||   119
Dodge: Dodged            |    67 |   302 |   185 |   137 ||   691
Block: Shield            |       |       |    66 |    61 ||   127
